Unix NetHack Version 5.0.0-0 post-release - last build Jun 10 2026 00:39:30 (3ee93aec679c4c4259841fe613dc97188e26a321,branch:main).

Game began 2026-06-24 20:01:24, ended 2026-06-24 20:12:14.

IanCurtis, chaotic male elven Wizard

             -----------
             |.........|
             |..........#
             |.........|#
             ------.----#
                   #    #
                   #    #
                ####    #
                #       #
               ##       #
          -----%--------#
          |....:.......|#
          |....a.......|##         ^
          |....@.......| ## -------|----
          |............|  # |...(..`.<.|
          --------------  # |...........
                          # |..........|
                          ##............
                            ------------

IanCurtis the Conjurer    St:11 Dx:15 Co:14 In:19 Wi:9 Ch:9  Chaotic
Dlvl:7  $:336 HP:0(35) Pw:17(49) AC:9  Xp:5 T:2180  Burdened

Latest messages:
 You see here a large box.
 Hmmm, the large box turns out to be locked.
 What do you want to wield? [- adz or ?*] z
 z - a dagger (weapon in right hand).
 There is a locked large box here; force its lock? [ynq] (q) y
 You force your dagger into a crack and pry.
 You succeed in forcing the lock.
 You have a little trouble removing R - a spellbook of light.
 S - an emerald potion.
 What do you want to wield? [- adz or ?*] a
 a - a blessed +1 quarterstaff (weapon in hands).
 You hit the giant beetle!
 The giant beetle bites!
 You hear someone counting gold coins.
 In what direction? k
 The spell hits the giant beetle!
 In what direction? k
 The spell misses the giant beetle.
 In what direction? k
 The spell misses the giant beetle.
 In what direction? k
 The spell misses the giant beetle.
 You hit the giant beetle!
 The giant beetle bites!
 In what direction? k
 The spell hits the giant beetle!
 You kill the giant beetle!
 What do you want to call this dungeon level? vault
 There is a doorway here.
 You see here a giant beetle corpse.
 You miss the iguana.
 You miss the iguana.
 The iguana bites!
 You miss the iguana.
 You hit the iguana.
 You hit the iguana!
 The iguana bites!
 The iguana bites!
 In what direction? k
 The spell misses the fire ant.
 The spell hits the iguana!
 The fire ant bites!
 The fire ant bites again!
 You're on fire!
 What do you want to put on? [ey or ?*] ?
 Which ring-finger, Right or Left? [rl] r
 e - an uncursed ring of fire resistance (on right hand).
 The fire ant bites!
 You die...
 Do you want your possessions identified? [ynq] (y) q

Inventory:
 Coins    ('$')
  $ - 336 gold pieces
 Weapons  (')')
  z - a +0 dagger
  a - a blessed +1 quarterstaff (weapon in hands)
 Armor    ('[')
  F - a cursed +0 elven leather helm
  G - a cursed +0 pair of high boots
  b - an uncursed +0 cloak of magic resistance (being worn)
  w - a cursed -1 robe named cursed
 Comestibles  ('%')
  t - 3 uncursed food rations
 Scrolls  ('?')
  i - 2 uncursed scrolls of enchant armor
  J - a cursed scroll of enchant weapon
  E - an uncursed scroll of fire
  I - a cursed scroll of gold detection
  j - an uncursed scroll of identify
  K - 4 cursed scrolls of identify
  H - a cursed scroll of light
  h - an uncursed scroll of remove curse
  B - a cursed scroll of scare monster
 Spellbooks  ('+')
  k - a blessed spellbook of force bolt
  R - an uncursed spellbook of light
  l - an uncursed spellbook of magic missile
 Potions  ('!')
  M - a cursed potion of extra healing
  L - a cursed potion of gain ability
  A - 2 uncursed potions of healing
  C - 3 cursed potions of healing
  g - 2 uncursed potions of levitation
  S - an uncursed potion of sickness
  f - 2 uncursed potions of water
 Rings    ('=')
  e - an uncursed ring of fire resistance (on right hand)
  y - an uncursed ring of searching
 Wands    ('/')
  c - a wand of digging (0:4)
  x - a wand of striking (0:5)
 Tools    ('(')
  P - an empty cursed sack
  n - an uncursed bugle
  m - a magic marker (0:21)
  N - an uncursed oil lamp
  O - a cursed oil lamp
  d - a +0 pick-axe

IanCurtis the Wizard's attributes:

Background:
 You were a Conjurer, a level 5 male elven Wizard.
 You were chaotic, nominally on a mission for Anhur
 who was opposed by Ptah (lawful) and Thoth (neutral).
 You were right-handed.
 You were in the Dungeons of Doom, on level 7.
 You entered the dungeon 2180 turns ago.
 You had 307 experience points, 13 more were needed to attain level 6.

Basics:
 You had 0 out of 35 hit points.
 You had 17 out of 49 energy points (spell power).
 Your armor class was 9.
 Your wallet contained 336 zorkmids.
 Autopickup was off.

Final Characteristics:
 Your strength was 11 (limit:18).
 Your dexterity was 15 (limit:18).
 Your constitution was 14 (limit:16).
 Your intelligence was 19 (limit:20).
 Your wisdom was 9 (limit:20).
 Your charisma was 9 (limit:18).

Final Status:
 You weren't hungry.
 You were burdened; movement was slightly slowed.
 You were wielding a quarterstaff.
 You had basic skill with quarterstaff.

Final Attributes:
 You were piously aligned.
 You were magic-protected.
 You were fire resistant.
 Your items were protected from fire.
 You were sleep resistant.
 You had infravision.
 You were warded.
 You are dead.

Miscellaneous:
 You encountered 1 bones level.
 Total elapsed playing time was 10 minutes and 50 seconds.

Major events:
 Turn
    1: IanCurtis the chaotic male elven Wizard entered the dungeon
  484: entered the Gnomish Mines
  969: attained the rank of Conjurer (level 3)
 2180: killed by a fire ant

Spells:
 Name                 Level Category     Fail Retention
 force bolt             1   attack         0%   81%-90%
 magic missile          2   attack         0%   81%-90%

Skills:
 Fighting Skills
   bare handed combat [Unskilled]
   riding             [Unskilled]
 Weapon Skills
   dagger             [Unskilled]
   knife              [Unskilled]
   axe                [Unskilled]
   short sword        [Unskilled]
   club               [Unskilled]
   mace               [Unskilled]
   quarterstaff       [Basic]
   polearms           [Unskilled]
   spear              [Unskilled]
   trident            [Unskilled]
   sling              [Unskilled]
   dart               [Unskilled]
   shuriken           [Unskilled]
 Spellcasting Skills
   attack spells      [Basic]
   healing spells     [Unskilled]
   divination spells  [Unskilled]
   enchantment spells [Basic]
   clerical spells    [Unskilled]
   escape spells      [Unskilled]
   matter spells      [Unskilled]

Voluntary challenges:
 Character rerolling was not enabled.
 You were an atheist.
 You were illiterate.
 You never genocided any monsters.
 You never polymorphed an object.
 You never changed form.
 You used no wishes.
Achievements:
 You entered a shop.
 You entered the Gnomish Mines.
 You attained the rank of Conjurer.

 The Dungeons of Doom: levels 1 to 7
    Level 1:
    Level 2:
    Level 3:
       A general store.
       Stairs down to The Gnomish Mines.
    Level 4:
       A tool shop, a fountain.
       Final resting place for
          augmentedfourth-Val-Dwa-Fem-Law, killed by a kitten.
    Level 5: "vault"
    Level 6:
       A fountain.
    Level 7: "vault" <- You were here.
       Final resting place for
          you, killed by a fire ant.
 The Gnomish Mines:
    Level 4:


Vanquished creatures:
  a ghost
  a giant beetle
  a blue jelly
  3 Mordor orcs
  a fog cloud
  a gnome leader
  a little dog
  2 kittens
  2 dwarves
  a hill orc
 an acid blob
  2 coyotes
  a cave spider
  5 gnomes
  a gnome zombie
  6 geckos
  a jackal
  a fox
  2 kobolds
  2 sewer rats
  2 grid bugs
  a lichen
  a kobold zombie
  2 newts
42 creatures vanquished.

No species were genocided or became extinct.

Game over:
                       ----------
                      /          \
                     /    REST    \
                    /      IN      \
                   /     PEACE      \
                  /                  \
                  |    IanCurtis     |
                  |      336 Au      |
                  | killed by a fire |
                  |       ant        |
                  |                  |
                  |                  |
                  |       2026       |
                 *|     *  *  *      | *
        _________)/\\_//(\/(/\)/\//\/|_)_______

Goodbye IanCurtis the Wizard...

You died in The Dungeons of Doom on dungeon level 7 with 1841 points,
and 336 pieces of gold, after 2180 moves.
You were level 5 with a maximum of 35 hit points when you died.

